 Dungeon Crawl Stone Soup version 0.20-a0-641-g673355a (webtiles) character file.

179 graki42 the Covered (level 5, -4/36 HPs)
             Began as a Halfling Fighter on Feb 13, 2017.
             Was an Initiate of Trog.
             Slain by a gnoll
             ... wielding a +0 halberd
              (13 damage)
             ... on level 4 of the Dungeon.
             The game lasted 00:05:23 (3761 turns).

graki42 the Covered (Halfling Fighter)              Turns: 3761, Time: 00:05:24

Health: -4/36      AC:  7    Str: 22    XL:     5   Next: 90%
Magic:  5/5        EV:  9    Int:  7    God:    Trog [......]
Gold:   70         SH: 10    Dex: 14    Spells: 4/4 levels left

rFire    . . .     SeeInvis .   a - +0 long sword
rCold    . . .     Gourm    .   b - +0 scale mail
rNeg     . . .     Faith    .   c - +0 shield
rPois    .         Spirit   .   (no helmet)
rElec    .         Reflect  .   (no cloak)
rCorr    .         Harm     .   (no gloves)
MR       .....                  (no boots)
Stlth    ..........             (no amulet)
Regen    0.2/turn               (no ring)
MPRegen  0.1/turn               (no ring)

@: mighty, lethally poisoned (-4 -> -6)
A: mutation resistance 1
a: Burn Spellbooks, Renounce Religion


You were on level 4 of the Dungeon.
You worshipped Trog.
Trog was noncommittal.
You were very hungry.

You visited 1 branch of the dungeon, and saw 4 of its levels.

You collected 70 gold pieces.

Inventory:

Hand Weapons
 a - a +0 long sword (weapon)
Missiles
 j - 2 tomahawks (quivered)
Armour
 b - a +0 scale mail (worn)
 c - a +0 shield (worn)
Wands
 h - a wand of digging (19/24)
Scrolls
 g - a scroll of amnesia {unknown}
 i - 2 scrolls of identify {unknown}
 k - a scroll of teleportation {unknown}
 l - 2 scrolls of recharging {unknown}
 m - a scroll of magic mapping {unknown}
 n - 5 scrolls of remove curse {unknown}
 q - a scroll of enchant armour {unknown}
 r - a scroll of blinking {unknown}
Potions
 e - 2 potions of curing
 p - a potion of haste {unknown}
Comestibles
 f - 6 bread rations
 o - 3 meat rations
 s - 4 fruits


   Skills:
 + Level 3.1 Fighting
 + Level 3.9 Long Blades
 + Level 4.2 Armour
 + Level 0.7 Dodging
 + Level 4.1 Shields


You had 4 spell levels left.
You didn't know any spells.

Dungeon Overview and Level Annotations

Branches:
Dungeon (4/15)
 Temple: D:4-7

Altars:
Ashenzari
Trog


Innate Abilities, Weirdness & Mutations

You are small and have problems with some larger weapons.
You are somewhat resistant to further mutation.


Message History

Trog accepts your kill.
You feel sick.
The gnoll hits you from afar with a spear.
The gnoll hits you but does no damage.
You completely miss the worker ant. You block the worker ant's attack.
The gnoll hits you but does no damage. You block the gnoll's attack.
You block the worker ant's attack. The gnoll hits you but does no damage.
Your shield and scale mail prevent you from hitting the worker ant.
The worker ant barely misses you. The gnoll closely misses you.
The gnoll hits you from afar with a spear.
* * * LOW HITPOINT WARNING * * *
You completely miss the worker ant. The worker ant barely misses you.
The gnoll closely misses you. The gnoll hits you but does no damage.
You block the worker ant's attack.
You slice the worker ant!!
You kill the worker ant!
Trog accepts your kill.
You feel sick.
The gnoll hits you from afar with a halberd!
You die...

#...# #.((# # #
#<# .#
#.##.##.#### ##
#...g.......
....###g#.####.
.......gg...#
..#.###S#.#....
#@#.####. #.# #
#.# #.# #.# #.#
... ...


You could see 4 gnolls and a ball python.

Vanquished Creatures
  An orc priest (D:3)
  A worker ant (D:4)
  4 adders (D:2)
  3 gnolls (D:2)
  An ooze (D:3)
  3 dart slugs
  5 leopard geckos
  3 orcs
  2 giant cockroaches
  2 goblins
  6 hobgoblins
  2 quokkas
  3 bats (D:1)
  3 frilled lizards
  5 kobolds
  6 rats
50 creatures vanquished.

Notes
Turn   | Place    | Note
-------+----------+-------------------------------------------
     0 | D:1      | graki42 the Halfling Fighter began the quest for the Orb.
     0 | D:1      | Reached XP level 1. HP: 15/15 MP: 1/1
   132 | D:1      | Reached XP level 2. HP: 19/20 MP: 2/2
   684 | D:1      | Reached XP level 3. HP: 26/26 MP: 3/3
  1162 | D:2      | Found a shattered altar of Ashenzari.
  1492 | D:2      | HP: 1/26 [adder (3)]
  1495 | D:2      | Reached XP level 4. HP: 9/31 MP: 4/4
  1796 | D:2      | Found a bloodstained altar of Trog.
  2000 | D:2      | Became a worshipper of Trog the Wrathful
  2150 | D:2      | Reached XP level 5. HP: 29/36 MP: 5/5
  3761 | D:4      | Slain by a gnoll

Vault maps used:
D:1:      roderic_crop_circles_arrival_small, minmay_tiny_reverse_x
D:2:      lightli_temple_of_fire, nicolae_ashenzari_panopticon
D:3:      first_bread
D:4:      uniq_crazy_yiuf_cottage

Skill      XL: |  1  2  3  4  5 |
---------------+----------------+-----
Fighting       | 3 |  3.1
Long Blades    | 3 |  3.9
Armour         | 4 |  4.2
Shields        | 4 |  4.1
Dodging        | |  0.7

Action                   |  1- 3 |  4- 6 || total
-------------------------+-------+-------++-------
Melee: Long sword        |    87 |   102 ||   189
Throw: Tomahawk          |     4 |     5 ||     9
  Use: Potion            |     1 |     2 ||     3
  Eat: Chunk             |     2 |     6 ||     8
Armor: Scale mail        |    40 |    32 ||    72
       Skin              |       |    10 ||    10
Dodge: Dodged            |    23 |    38 ||    61
Block: Shield            |    50 |    62 ||   112
       Rpst.: Long sword |    10 |    11 ||    21
